 Dungeon Crawl Stone Soup version 0.30.1-4-g462c640d31 (webtiles) character file.

Game seed: 6217266856023455416

114 booth the Ducker (level 4, 0/35 HPs)
             Began as a Merfolk Gladiator on Sept 18, 2023.
             Slain by a gnoll
             ... wielding a +0 spear
              (5 damage)
             ... on level 2 of the Dungeon.
             The game lasted 00:11:18 (1363 turns).

booth the Ducker (Merfolk Gladiator)                Turns: 1363, Time: 00:11:19

Health: 0/35       AC:  4    Str: 16    XL:     4   Next: 98%
Magic:  4/4        EV: 13    Int:  7    God:
Gold:   127        SH:  0    Dex: 15    Spells: 3/3 levels left

rFire   . . .        a - +0 trident
rCold   . . .        (no shield)
rNeg    . . .        b - +0 leather armour
rPois   .            c - +0 helmet
rElec   .            (no cloak)
rCorr   .            (no gloves)
SInv    .            (no boots)
Will    .....        (no amulet)
Stlth   +            (no ring)
HPRegen 0.25/turn    (no ring)
MPRegen 0.09/turn

%: no passive effects
@: no status effects
A: (nimble swimmer 2), mertail
a: no special abilities


You were on level 2 of the Dungeon.
You visited 1 branch of the dungeon, and saw 2 of its levels.

You collected 127 gold pieces.

Inventory:

Hand Weapons
 a - a +0 trident (weapon)
Missiles
 d - 2 throwing nets (quivered)
 f - 12 atropa-tipped darts
Armour
 b - a +0 leather armour (worn)
 c - a +0 helmet (worn)
Scrolls
 g - a scroll of brand weapon {unknown}
 i - a scroll of fear {unknown}
 j - a scroll of immolation {unknown}
 n - a scroll of teleportation {unknown}
 o - a scroll of torment {unknown}
 p - a scroll of noise {unknown}
Potions
 h - 2 potions of brilliance
 k - a potion of attraction
 l - a potion of might {unknown}
 m - a potion of berserk rage {unknown}


   Skills:
 + Level 3.1 Fighting
 + Level 4.8 Polearms
 + Level 2.8 Throwing
 + Level 4.8 Dodging
 + Level 1.7 Evocations


You had 3 spell levels left.
You didn't know any spells.
Your spell library contained the following spells:

 Spells                   Type           Power      Damage    Failure   Level
 Summon Small Mammal      Summ           0%         N/A       50%         1
 Call Canine Familiar     Summ           0%         N/A       86%         3
 Summon Guardian Golem    Hex/Summ       0%         N/A       86%         3


Dungeon Overview and Level Annotations

Branches:
Dungeon (2/15)

Altars:


Innate Abilities, Weirdness & Mutations

((You are very nimble when in or above water. (Stealth+, EV+, Speed+++)))
Your lower body shifts to a powerful aquatic tail in water.


Message History

You puncture the gnoll!
The gnoll is heavily wounded.
The gnoll hits you with a +0 whip.
Throw: javelin
Press: ? - help, Q - select action, (/) - cycle Shift-Dir - straight line, f - gnoll
Aim: a gnoll, wielding a +0 whip (heavily wounded, 64% to hit)
You throw a javelin. The javelin barely misses the gnoll.
The javelin closely misses the gnoll.
The gnoll misses you. The gnoll hits you with a +0 whip.
You hit the gnoll.
The gnoll is almost dead.
The gnoll hits you from afar with a +0 spear.
The gnoll hits you with a +0 whip.
You hit the gnoll.
You kill the gnoll!
The gnoll barely misses you. The gnoll misses you. The gnoll misses you.
Things that are here:
a +0 whip; a +0 spear You closely miss the gnoll.
The gnoll barely misses you.
You hit the gnoll.
The gnoll is lightly wounded.
The gnoll hits you with a +0 spear.
You hit the gnoll.
The gnoll is severely wounded.
The gnoll hits you with a +0 spear.
You hit the gnoll but do no damage.
The gnoll is severely wounded.
The gnoll closely misses you.
You hit the gnoll.
The gnoll is severely wounded.
The gnoll hits you with a +0 spear!
* * * LOW HITPOINT WARNING * * *
Throw: 13 darts (atropa)
Press: ? - help, Q - select action, (/) - cycle Shift-Dir - straight line, f - gnoll
Aim: a gnoll, wielding a +0 spear (severely wounded, 64% to hit, chance to blind on hit: 100%)
You throw an atropa-tipped dart.
The atropa-tipped dart barely misses the gnoll.
The gnoll hits you with a +0 spear.
You die...

.#.... .#####
...... ..#######
†........
#.####### #### #.#
((# #.# #g# #.#
#@# #.# #.# #.#
#.# #.# #.# #.#
#.# #.# #.# #.#
#.#
#.##############.#
#..†........†..#.#


You could see a gnoll.

Vanquished Creatures
  An adder (D:2)
  6 gnolls (D:2)
  5 dart slugs
  3 endoplasms
  2 giant cockroaches (D:1)
  3 goblins
  A hobgoblin (D:1)
  4 kobolds
  3 quokkas (D:2)
  2 ball pythons (D:1)
  5 bats
  A frilled lizard (D:1)
  6 rats
42 creatures vanquished.

Notes
Turn   | Place    | Note
-------+----------+-------------------------------------------
     0 | D:1      | booth the Merfolk Gladiator began the quest for the Orb.
     0 | D:1      | Reached XP level 1. HP: 16/16 MP: 1/1
   173 | D:1      | Reached XP level 2. HP: 23/23 MP: 2/2
   545 | D:1      | Reached XP level 3. HP: 28/28 MP: 3/3
   901 | D:2      | Reached skill level 1 in Evocations
  1064 | D:2      | Reached XP level 4. HP: 34/34 MP: 4/4
  1363 | D:2      | Slain by a gnoll

Illustrated notes

Levels and vault maps discovered:
D:1:      dpeg_arrival_rooms_with_view, layout_loops_ring,
          nicolae_kite_square_tiling_tiny
D:2:      layout_basic, serial_shops, shop

Skill      XL: |  1  2  3  4 |
---------------+-------------+-----
Evocations     | 1 |  1.7
Fighting       | 3 |  3.1
Polearms       | |  4.8
Throwing       | |  2.8
Dodging        | |  4.8

Action                     |  1- 3 |  4- 6 || total
---------------------------+-------+-------++-------
  Melee: Trident           |    89 |    50 ||   139
  Throw: Dart              |     1 |     3 ||     4
         Javelin           |     1 |     1 ||     2
         Throwing net      |     1 |       ||     1
    Use: Scroll            |     2 |       ||     2
         Potion            |     1 |       ||     1
 Armour: Leather armour    |    14 |     6 ||    20
  Dodge: Dodged            |    41 |    37 ||    78
